 Dungeon Sprint DCSS version 0.27-a0-1548-gf8a67e7463 (webtiles) character file.

Game seed: 16375622505237127681

5108 mhtbhm the Impaler (level 10, -3/90 HPs)
             Began as a Merfolk Fighter on July 13, 2021.
             Was the Champion of Qazlal.
             Slain by a vampire mosquito (8 damage)
             ... in the Dungeon (Sprint VII: "The Pits").
             The game lasted 00:03:28 (1404 turns).

mhtbhm the Impaler (Merfolk Fighter)                Turns: 1404, Time: 00:03:28

Health: -3/90      AC:  4    Str: 19    XL:     10   Next: 57%
Magic:  3/12       EV: 11    Int:  7    God:    Qazlal [******]
Gold:   0          SH: 21    Dex: 21    Spells: 9/9 levels left

rFire    . . .     SeeInvis .   a - +2 trident (vorpal)
rCold    . . .     Faith    .   c - +0 kite shield
rNeg     . . .     Spirit   .   b - +4 chain mail
rPois    .         Reflect  .   (no helmet)
rElec    .         Harm     .   (no cloak)
rCorr    .         Rampage  .   (no gloves)
Will     .....     NoTele   +   p - +0 pair of boots
Stlth    ..........             (no amulet)
HPRegen  0.25/turn              n - +3 ring of dexterity
MPRegen  0.13/turn              o - +3 ring of dexterity

@: lethally poisoned (-3 -> -23), flayed, corroded, on berserk cooldown, slowed,
repel missiles, very slow
A: (nimble swimmer 2), mertail
a: Renounce Religion, Upheaval, Elemental Force, Disaster Area


You were in the Dungeon.
You worshipped Qazlal.
Qazlal was exalted by your worship.
You visited 1 branch

Inventory:

Hand Weapons
 a - a +2 vorpal trident (weapon)
Armour
 b - a +4 chain mail (worn)
 c - a +0 kite shield (worn)
 p - a +0 pair of boots (worn)
Jewellery
 n - a +3 ring of dexterity (left hand)
 o - a +3 ring of dexterity (right hand)
Scrolls
 l - 5 scrolls of amnesia
Potions
 d - 2 potions of might
 e - 7 potions of curing
 f - 8 potions of heal wounds
 g - 2 potions of haste
 h - 4 potions of magic
 i - 2 potions of berserk rage
 k - 2 potions of invisibility


   Skills:
 + Level 12.4 Fighting
 + Level 18.3 Polearms
 + Level 8.0 Armour
 + Level 7.7 Dodging
 - Level 2.2 Stealth
 + Level 12.5 Shields
 * Level 3.1 Invocations


You had 9 spell levels left.
You didn't know any spells.
Your spell library was empty.

Dungeon Overview and Level Annotations

Branches:
Dungeon (1/1)

Altars:
Ashenzari
Cheibriados
Dithmenos
Elyvilon
Fedhas
Gozag
Hepliaklqana
Kikubaaqudgha
Makhleb
Nemelex Xobeh
Okawaru
Qazlal
Ru
Sif Muna
Trog
Uskayaw
Vehumet
Wu Jian
Xom
Yredelemnul
Zin
The Shining One
Beogh
Jiyva
Lugonu


Innate Abilities, Weirdness & Mutations

((You are quick and stealthy near water. (Stealth+, EV+, Speed+++)))
Your lower body shifts to a powerful aquatic tail in water.


Message History

The flayed ghost is moderately damaged.
The vampire mosquito barely misses your small abomination.
The vampire mosquito bites your small abomination.
You block the crimson imp's attack. You block the ufetubus's attack.
The ufetubus closely misses you.
The kobold demonologist looks braver for a moment.
You block the flayed ghost's attack.
The vampire mosquito bites your small abomination! x2
Your small abomination hits the vampire mosquito!!
The vampire mosquito is destroyed!
Qazlal accepts your kill.
The kobold demonologist casts a cantrip, but nothing happens.
Your Invocations skill increases to level 3!
Unknown command.
Unknown command.
Okay, then.
Aiming: Upheaval
Press: ? - help, Dir - move target, f - kobold demonologist
Aim: a kobold demonologist, wielding a +0 dagger and wearing a +0 robe A storm cloud blasts the area with cutting wind!
The cutting wind hits the kobold demonologist!
The kobold demonologist is moderately wounded.
The vampire mosquito bites your small abomination but does no damage.
You block the vampire mosquito's attack.
The ufetubus completely misses you. You block the ufetubus's attack.
The vampire mosquito bites your small abomination.
The crimson imp blinks!
You block the vampire mosquito's attack.
The kobold demonologist looks braver for a moment.
The red devil hits your small abomination with a +2 demon trident of freezing!!
The red devil freezes your small abomination.
Your small abomination is destroyed!
The flayed ghost hits you!!
* * * LOW HITPOINT WARNING * * *
You block the ufetubus's attack. The ufetubus barely misses you.
The orange demon stings you from afar.
* * * LOW HITPOINT WARNING * * *
You are lethally poisoned!
The orange demon poisons you! The vampire mosquito bites you!
You die...

.....#..#......#
...............+
...............+
.....#..#......#
...............#
##'#####''######
......##'†##############
......##......#..W4)KK.#
......##....###☼@K###..4#
..<...##...##.+.5y4K# 4K5..
......##..##..##y##Xy# ...#
......##..#..##.4.##Z5'.5.#
......##..#..#.....# .#. .#
########..'.)))....+ '. +
########[)#..#)....# .
.#...[##..#.)##...##
.#..[[##..##..##'##


You could see a flayed ghost, an orange demon, a large abomination, an ice
devil, 3 kobold demonologists, a red devil, 3 vampire mosquitoes, a kobold
brigand, a white imp (summoned), an ufetubus (summoned) and a quokka skeleton.

Vanquished Creatures
  2 sea snakes (D)
  A flayed ghost (D)
  A deep elf pyromancer (D)
  Joseph (D)
  2 kobold demonologists (D)
  A polar bear (D)
  A tyrant leech (D)
  A flying skull (D)
  A shadow (D)
  A redback (D)
  A tarantella (D)
  A steam dragon (D)
  A warg (D)
  A sky beast (D)
  2 ice beasts (D)
  A necrophage (D)
  A centaur (D)
  4 kobold brigands (D)
  A quasit (D)
  A jelly (D)
  An orc priest (D)
  A gnoll shaman (D)
  An orc wizard (D)
  3 gnolls (D)
  2 river rats (D)
  An adder (D)
  An ufetubus (D)
  An adder zombie (D)
  4 orcs (D)
  A goblin (D)
  2 kobolds (D)
  2 ball pythons (D)
  A bat (D)
  3 frilled lizards (D)
  2 rats (D)
52 creatures vanquished.

Vanquished Creatures (collateral kills)
  A vampire mosquito (D)
  A kobold (D)
2 creatures vanquished.

Grand Total: 54 creatures vanquished

Notes
Turn   | Place    | Note
-------+----------+-------------------------------------------
     0 | D        | mhtbhm the Merfolk Fighter began the quest for the Orb.
     0 | D        | Reached XP level 1. HP: 18/18 MP: 1/1
    20 | D        | Found a bloodstained altar of Trog.
    20 | D        | Found a shimmering blue altar of Sif Muna.
    20 | D        | Found a viscous altar of Jiyva.
    20 | D        | Found a hazy altar of Hepliaklqana.
    20 | D        | Found an opulent altar of Gozag.
    21 | D        | Found a glowing golden altar of the Shining One.
    21 | D        | Found a glowing silver altar of Zin.
    21 | D        | Found a basalt altar of Yredelemnul.
    21 | D        | Found a shimmering altar of Xom.
    21 | D        | Found an ornate altar of the Wu Jian Council.
    21 | D        | Found a sacrificial altar of Ru.
    21 | D        | Found a stormy altar of Qazlal.
    21 | D        | Found an iron altar of Okawaru.
    21 | D        | Found a sparkling altar of Nemelex Xobeh.
    21 | D        | Found a burning altar of Makhleb.
    21 | D        | Found a blossoming altar of Fedhas.
    21 | D        | Found a white marble altar of Elyvilon.
    21 | D        | Found a shadowy altar of Dithmenos.
    21 | D        | Found a snail-covered altar of Cheibriados.
    24 | D        | Found a corrupted altar of Lugonu.
    24 | D        | Found a radiant altar of Vehumet.
    25 | D        | Found an ancient bone altar of Kikubaaqudgha.
    25 | D        | Found a hide-covered altar of Uskayaw.
    25 | D        | Found a broken altar of Ashenzari.
    34 | D        | Became a worshipper of Qazlal Stormbringer
    76 | D        | Reached XP level 2. HP: 24/25 MP: 2/2
    89 | D        | Reached * piety under Qazlal
    93 | D        | Reached XP level 3. HP: 11/31 MP: 3/3
    95 | D        | Reached skill level 4 in Polearms
   302 | D        | Reached ** piety under Qazlal
   309 | D        | Noticed a warg
   319 | D        | Killed a warg
   320 | D        | Reached skill level 6 in Polearms
   320 | D        | Reached skill level 5 in Armour
   320 | D        | Reached skill level 5 in Shields
   320 | D        | Reached XP level 4. HP: 15/41 MP: 4/4
   320 | D        | Reached XP level 5. HP: 17/47 MP: 5/5
   553 | D        | Reached *** piety under Qazlal
   591 | D        | Reached skill level 7 in Polearms
   603 | D        | Reached **** piety under Qazlal
   604 | D        | Reached XP level 6. HP: 23/53 MP: 6/6
   615 | D        | Reached ***** piety under Qazlal
   618 | D        | Reached skill level 8 in Polearms
   815 | D        | Noticed an ice beast
   821 | D        | Killed an ice beast
   822 | D        | Reached skill level 9 in Polearms
   822 | D        | Reached skill level 5 in Dodging
   824 | D        | Noticed a sea snake
   838 | D        | Killed a sea snake
   839 | D        | Reached skill level 12 in Polearms
   839 | D        | Reached XP level 7. HP: 18/64 MP: 7/7
   839 | D        | Reached XP level 8. HP: 20/71 MP: 8/8
  1057 | D        | Reached skill level 13 in Polearms
  1098 | D        | Noticed a redback
  1098 | D        | Noticed a polar bear
  1103 | D        | Killed a polar bear
  1103 | D        | Reached ****** piety under Qazlal
  1107 | D        | Killed a redback
  1108 | D        | Reached skill level 14 in Polearms
  1224 | D        | Noticed a tarantella
  1228 | D        | Killed a tarantella
  1229 | D        | Reached skill level 10 in Fighting
  1229 | D        | Reached skill level 10 in Shields
  1229 | D        | Reached XP level 9. HP: 78/78 MP: 9/9
  1235 | D        | Noticed a deep elf pyromancer
  1243 | D        | Killed a deep elf pyromancer
  1244 | D        | Reached skill level 15 in Polearms
  1244 | D        | Reached skill level 1 in Stealth
  1260 | D        | Noticed a flayed ghost
  1267 | D        | Killed a flayed ghost
  1268 | D        | Reached skill level 16 in Polearms
  1270 | D        | Noticed a kobold demonologist
  1278 | D        | Killed a kobold demonologist
  1279 | D        | Reached skill level 17 in Polearms
  1286 | D        | Reached XP level 10. HP: 88/88 MP: 10/10
  1317 | D        | Noticed a sea snake
  1336 | D        | Killed a sea snake
  1343 | D        | Noticed a kobold demonologist
  1343 | D        | Noticed a kobold demonologist
  1350 | D        | Noticed a sun demon
  1350 | D        | Noticed a flayed ghost
  1352 | D        | Noticed a kobold demonologist
  1353 | D        | Reached skill level 18 in Polearms
  1353 | D        | Noticed a kobold demonologist
  1360 | D        | Noticed a rust devil
  1366 | D        | Reached skill level 1 in Invocations
  1366 | D        | Noticed an orange demon
  1373 | D        | Killed a kobold demonologist
  1373 | D        | Noticed Joseph
  1374 | D        | Noticed a soul eater
  1392 | D        | Noticed a rust devil
  1394 | D        | Noticed a large abomination
  1400 | D        | Killed Joseph
  1404 | D        | Slain by a vampire mosquito

Illustrated notes

Levels and vault maps discovered:
D:        pitsprint [storerooms_1, entrance_room_1, metal_vault_6, armoury_1,
          mini_pit_1, grid_room_1, main_hall_1, silver_pit, the_coven_3,
          the_vestibule_1, steel_vault_3, golden_pit, hallway_of_sentries,
          crystal_vault_4, iron_vault_5, final_vault]

Skill      XL: |  1  2  3  4  5  6  7  8  9 10 |
---------------+-------------------------------+-----
Fighting       | 4 6 9 10 11 12 | 12.4
Armour         | 3 5 6 7 8 |  8.0
Shields        | 4 5 6 8 10 11 12 | 12.5
Polearms       | 6 7 12 14 17 18 | 18.3
Dodging        | 2 3 6 7 |  7.7
Stealth        | 1 2 |  2.2
Invocations    | 3 |  3.1

Action                   |  1- 3 |  4- 6 |  7- 9 | 10-12 || total
-------------------------+-------+-------+-------+-------++-------
Melee: Trident           |    30 |    86 |    60 |    68 ||   244
Invok: Upheaval          |       |       |       |     1 ||     1
       Elemental Force   |       |       |       |     1 ||     1
  Use: Potion            |       |     1 |     1 |     6 ||     8
       Scroll            |       |       |       |     2 ||     2
Armor: Scale mail        |    15 |    14 |     5 |       ||    34
       Chain mail        |       |       |     3 |    11 ||    14
Dodge: Dodged            |    13 |     8 |     8 |    16 ||    45
Block: Kite shield       |    14 |    52 |    26 |    66 ||   158

Table legend: (Time is in decaauts)
 A = Elapsed time spent in this place.
 B = Non-inter-level travel time spent in this place.
 C = Inter-level travel time spent in this place.
 D = Time resting spent in this place.
 E = Time spent auto-exploring this place.
 F = Levels seen in this place.
 G = Mean time per level.
                   A        B        C        D        E       F      G
               +--------+--------+--------+--------+--------+-----+--------+
         Total |   1383 |   1383 |      0 |    608 |    241 |   1 | 1383.0 |
       Dungeon |   1383 |   1383 |      0 |    608 |    241 |   1 | 1383.0 |
               +--------+--------+--------+--------+--------+-----+--------+

Top non-repeatable levels by time:
       D: 1383 daAuts
